 Dungeon Crawl Stone Soup version 0.29.1-13-g9f3cf754e1 (webtiles) character file.

Game seed: 11953305659553788672

4361 croobank the Sneak (level 9, -1/111 HPs)
             Began as a Demigod Delver on Jan 24, 2023.
             Slain by a kobold brigand
             ... wielding a +0 war axe
              (6 damage)
             ... in a bailey.
             The game lasted 00:35:40 (10372 turns).

croobank the Sneak (Demigod Delver)                Turns: 10372, Time: 00:35:40

Health: -1/111     AC:  4    Str: 13    XL:     9   Next: 89%
Magic:  3/18       EV: 17    Int: 24    God:
Gold:   490        SH:  6    Dex: 15    Spells: 7/16 levels left

rFire   . . .      SeeInvis .   y - +2 rapier (holy)
rCold   . . .      Faith    .   E - +1 buckler {reflect}
rNeg    . . .      Spirit   .   b - +1 leather armour
rPois   .          Reflect  +   (no helmet)
rElec   .          Harm     .   (no cloak)
rCorr   .          Rampage  .   (no gloves)
Will    +....                   (no boots)
Stlth   ..........              g - amulet of the acrobat
HPRegen 0.28/turn               d - +4 ring of evasion
MPRegen 0.16/turn               H - ring "Qeledig" {Wiz Will+}

@: berserking (expiring), slowed
A: high MP 1, forlorn, divine attributes
a: no special abilities


You were in a bailey.
You visited 1 branch of the dungeon, and saw 9 of its levels.
You also visited: Bailey.

You collected 490 gold pieces.

Inventory:

Hand Weapons
 a - a +0 short sword
 f - a +0 dagger
 m - a +0 flail
 y - a +2 rapier of holy wrath (weapon)
 F - a +0 broad axe
Missiles
 J - 15 poisoned darts (quivered)
 K - a curare-tipped dart
Armour
 b - a +1 leather armour (worn)
 E - a +1 buckler of reflection (worn)
Jewellery
 d - a +4 ring of evasion (left hand)
 e - a ring of magical power
 g - an amulet of the acrobat (around neck)
 n - a ring of poison resistance
 t - a ring of see invisible
 C - a ring of flight
 H - the ring "Qeledig" (right hand) {Wiz Will+}
   (You found it on level 7 of the Dungeon)

   [ring of wizardry]

   It improves your spell success rate.
   Will:      It increases your willpower.
Wands
 j - a wand of mindburst (5)
 l - a wand of flame (60)
 p - a wand of polymorph (11)
 u - a wand of paralysis (9)
Scrolls
 c - a scroll of fog
 r - a scroll of summoning {unknown}
 s - a scroll of immolation
 x - a scroll of magic mapping
 B - 2 scrolls of teleportation
 I - a scroll of identify
Potions
 h - 3 potions of brilliance
 i - 6 potions of curing
 o - a potion of flight
 q - a potion of cancellation {unknown}
 v - a potion of lignification {unknown}
 w - a potion of mutation {unknown}
 z - 2 potions of degeneration {unknown}
 A - 2 potions of heal wounds {unknown}
 D - 3 potions of ambrosia {unknown}
 G - 2 potions of haste


   Skills:
 + Level 5.6 Fighting
 + Level 5.0 Short Blades
 + Level 5.2 Dodging
 + Level 7.0 Stealth
 * Level 3.4 Shields
 + Level 4.0 Spellcasting
 + Level 4.5 Conjurations
 + Level 3.0 Translocations
 + Level 3.9 Fire Magic


You had 7 spell levels left.
You knew the following spells:

 Your Spells              Type           Power      Damage    Failure   Level
a - Magic Dart            Conj           100%       1d8       1%          1
b - Scorch                Fire           46%        2d7       1%          2
c - Blink                 Tloc           38%        N/A       2%          2
d - Foxfire               Conj/Fire      100%       2x1d9     1%          1
e - Mephitic Cloud        Conj/Pois/Air  12%        N/A       11%         3

Your spell library contained the following spells:

 Spells                   Type           Power      Damage    Failure   Level
 Sandblast                Erth           8%         2d5       6%          1
 Lesser Beckoning         Tloc           19%        N/A       6%          3
 Stone Arrow              Conj/Erth      30%        3d8       8%          3
 Call Imp                 Summ           4%         N/A       10%         2
 Passwall                 Tmut/Erth      3%         N/A       10%         2
 Flame Wave               Conj/Fire      25%        2d8       12%         4
 Fireball                 Conj/Fire      12%        3d7       30%         5
 Manifold Assault         Tloc           19%        N/A       45%         5
 Animate Dead             Necr           4%         N/A       52%         4
 Irradiate                Conj/Tmut      7%         3d14      54%         5
 Freezing Cloud           Conj/Ice/Air   6%         6-21      65%         5
 Starburst                Conj/Fire      12%        6d5       83%         6
 Borgnjor's Vile Clutch   Necr/Erth      2%         N/A       85%         5
 Death Channel            Necr           2%         N/A       100%        6
 Summon Cactus Giant      Summ           2%         N/A       100%        6
 Ignition                 Fire           11%        3d5       100%        8


Dungeon Overview and Level Annotations

Branches:
Dungeon (9/15)             Temple (0/1) D:6            Lair (0/5) D:9
 Bailey (1/1)
    Orc: D:9-12

Annotations:
D:8 2 transporters


Innate Abilities, Weirdness & Mutations

You have an increased reservoir of magic. (+10% MP)
You shall have no god before yourself.
Your divine heritage dramatically boosts your attributes as you level up.


Message History

Okay, then.
A red film seems to cover your vision as you go berserk!
You feel yourself moving faster!
You feel mighty!
You feel sick.
You are no longer poisoned.
The kobold brigand is no longer more vulnerable to fire.
The kobold brigand misses you. The orc warrior barely misses you.
You puncture the kobold brigand!
You kill the kobold brigand!
The orc warrior closely misses you.
You puncture the kobold brigand!
The kobold brigand is moderately wounded.
A kobold comes into view.
The orc warrior hits you with a +0 war axe.
The kobold brigand hits you with a +0 war axe!
You hit the orc warrior.
The orc warrior is lightly wounded.
The kobold closely misses you.
The orc warrior hits you with a +0 war axe!
* * * LOW HITPOINT WARNING * * *
The kobold brigand hits you with a +0 war axe.
* * * LOW HITPOINT WARNING * * *
Your magical contamination has completely faded away.
You hit the orc warrior.
The orc warrior is moderately wounded.
The kobold misses you. You block the orc warrior's attack.
The kobold brigand closely misses you.
You closely miss the orc warrior.
The orc warrior is moderately wounded.
The kobold hits you.
* * * LOW HITPOINT WARNING * * *
The orc warrior barely misses you.
The kobold brigand hits you with a +0 war axe!
* * * LOW HITPOINT WARNING * * *
You hit the kobold brigand.
The kobold brigand is heavily wounded.
You block the kobold's attack.
The orc warrior hits you with a +0 war axe!
* * * LOW HITPOINT WARNING * * *
The kobold brigand hits you with a +0 war axe.
You die...

#######
##.....##
#...∩...#
#.......#
##..∩..##
##(''##
#...# #@K.#
#oK.# #K..#
....K.
......~
.......~~.
.......~~#
~.......~~.


You could see an orc warrior, a kobold brigand and 3 kobolds.

Vanquished Creatures
  Erica (D:9)
  Maggie (D:9)
  Grinder (D:4)
  Sigmund (D:4)
  A wraith (D:9)
  Eustachio (D:4)
  Duvessa (D:5)
  4 water moccasins
  An orc warrior (D:9)
  2 ice beasts
  A sky beast (D:6)
  3 ogres
  2 phantoms (D:6)
  4 kobold brigands
  2 bullfrogs
  2 scorpions
  3 wights (D:8)
  Dowan (D:5)
  A killer bee (D:9)
  3 howler monkeys
  A crimson imp (D:4)
  2 hounds
  2 orc priests
  3 jellies
  4 iguanas
  3 orc wizards
  9 gnolls
  9 adders
  2 white imps
  3 ufetubi
  2 worms
  A dart slug (D:1)
  12 orcs
  11 endoplasms
  A giant cockroach (D:3)
  9 goblins
  4 hobgoblins
  2 quokkas
  4 ball pythons
  3 frilled lizards (D:2)
  24 kobolds
  5 rats
152 creatures vanquished.

Vanquished Creatures (others)
  19 foxfires
  2 fungi (D:9)
  22 plants (D:9)
43 creatures vanquished.

Grand Total: 195 creatures vanquished

Notes
Turn   | Place    | Note
-------+----------+-------------------------------------------
     0 | D:5      | croobank the Demigod Delver began the quest for the Orb.
     0 | D:5      | Reached XP level 1. HP: 18/18 MP: 3/3
    77 | D:6      | Noticed a phantom
   161 | D:5      | Noticed Duvessa
   161 | D:5      | Noticed Dowan
   244 | D:7      | Noticed a water moccasin
   244 | D:7      | Noticed a bullfrog
   529 | D:5      | Noticed an iguana
   580 | D:4      | Noticed Eustachio
   597 | D:4      | Reached XP level 2. HP: 12/25 MP: 4/4
  1579 | D:1      | Reached XP level 3. HP: 31/31 MP: 5/5
  1785 | D:1      | Learned a level 1 spell: Magic Dart
  2366 | D:2      | You fall into a shaft and drop 2 floors!
  2380 | D:4      | Killed Eustachio
  2381 | D:4      | Reached skill level 5 in Stealth
  2381 | D:4      | Reached skill level 1 in Spellcasting
  2381 | D:4      | Reached skill level 1 in Conjurations
  2381 | D:4      | Reached XP level 4. HP: 27/38 MP: 8/8
  2381 | D:4      | Reached XP level 5. HP: 33/45 MP: 9/9
  2469 | D:4      | Noticed Sigmund
  2474 | D:4      | Killed Sigmund
  2475 | D:4      | Reached XP level 6. HP: 52/52 MP: 11/11
  2647 | D:4      | Learned a level 2 spell: Scorch
  3715 | D:4      | Noticed Grinder
  3722 | D:4      | Paralysed by Grinder for 4 turns
  3734 | D:4      | Killed Grinder
  3735 | D:4      | Reached skill level 1 in Fire Magic
  3735 | D:4      | Reached XP level 7. HP: 21/59 MP: 3/13
  4069 | D:5      | Noticed a two-headed ogre
  5320 | D:5      | Reached skill level 6 in Stealth
  5663 | D:5      | Reached XP level 8. HP: 67/67 MP: 15/15
  5878 | D:5      | Learned a level 2 spell: Blink
  5888 | D:5      | Killed Duvessa
  5893 | D:5      | Killed Dowan
  6394 | D:6      | Reached skill level 1 in Translocations
  6489 | D:6      | Got Menkuofec's Vellum of Turbulent Blasting
  6653 | D:6      | Found a staircase to the Ecumenical Temple.
  6904 | D:6      | Reached skill level 5 in Fighting
  7010 | D:6      | Identified a scroll of acquirement
  7010 | D:6      | Acquired a +1 buckler of reflection
  7873 | D:7      | Reached skill level 1 in Shields
  8241 | D:7      | Identified the ring "Qeledig" {Wiz Will+}
  8348 | D:7      | Reached XP level 9. HP: 74/74 MP: 9/17
  8567 | D:7      | Learned a level 1 spell: Foxfire
  9269 | D:8      | Found a transporter.
  9271 | D:8      | Found a transporter.
  9946 | D:9      | Noticed Erica
 10020 | D:9      | Learned a level 3 spell: Mephitic Cloud
 10065 | D:9      | Noticed Maggie
 10162 | D:9      | Killed Maggie
 10162 | D:9      | Killed Erica
 10163 | D:9      | Reached skill level 5 in Dodging
 10188 | D:9      | Found a flagged portal.
 10197 | D:9      | Reached skill level 5 in Short Blades
 10197 | D:9      | Reached skill level 7 in Stealth
 10209 | Bailey   | Entered a bailey
 10372 | Bailey   | HP: 5/111 [orc warrior/+0 war axe (10)]
 10372 | Bailey   | Slain by a kobold brigand

Illustrated notes

Levels and vault maps discovered:
D:1:      co_arrival_square_in_a_square_in_a_square, layout_loops_cross,
          hellmonk_ecumenical_altar_leap_of_faith
D:2:      layout_rooms
D:3:      layout_rooms, trog_hazing_becter
D:4:      minmay_spotlight, layout_rooms, gammafunk_temple_overflow_elements,
          led_xom_imps, uniq_eustachio, uniq_grinder, uniq_sigmund
D:5:      layout_loops_ring, st_stairs_4, uniq_duvessa
D:6:      layout_loops_ring, mainiacjoe_overflow_six_doors_small,
          minmay_temple_entry_statues
D:7:      layout_basic, nicolae_ossuary_entry_monument
D:8:      gammafunk_jiyva_shrine, layout_loops_ring
D:9:      layout_rooms, jmf_multi_god_temple2, minmay_lair_entry_grove,
          enter_bailey_2, serial_bayou, serial_bayou_ford_a,
          serial_bayou_shore_b, serial_bayou_pond_a, serial_bayou_pond_a,
          uniq_maggie, uniq_erica
Bailey:   bailey_axe_3, bailey

Skill      XL: |  1  2  3  4  5  6  7  8  9 |
---------------+----------------------------+-----
Short Blades   | 2 3 4 5 |  5.0
Dodging        | 2 3 4 5 |  5.2
Fighting       | 3 4 5 |  5.6
Stealth        | 5 6 7 |  7.0
Spellcasting   | 1 2 3 4 |  4.0
Conjurations   | 1 2 3 4 |  4.5
Fire Magic     | 1 2 3 |  3.9
Translocations | 2 3 |  3.0
Shields        | 1 3 |  3.4

Action                   |  1- 3 |  4- 6 |  7- 9 || total
-------------------------+-------+-------+-------++-------
Melee: Short sword       |    88 |    41 |       ||   129
       Punch             |     2 |     1 |     1 ||     4
       Rapier            |       |    24 |   102 ||   126
Throw: Throwing net      |       |       |     1 ||     1
 Cast: Magic Dart        |     1 |    36 |    56 ||    93
       Scorch            |       |    13 |   153 ||   166
       Foxfire           |       |       |    14 ||    14
       Mephitic Cloud    |       |       |     2 ||     2
       Blink             |       |       |     1 ||     1
Evoke: Wand              |     5 |     5 |     1 ||    11
  Use: Scroll            |     7 |     1 |    14 ||    22
       Potion            |     1 |     2 |     3 ||     6
 Stab: Sleeping          |    15 |     4 |     6 ||    25
       Distracted        |     1 |       |       ||     1
Armor: Leather armour    |     8 |    22 |    21 ||    51
Dodge: Dodged            |    53 |    61 |   207 ||   321
Block: Buckler           |       |       |     7 ||     7
       Reflection        |       |       |     3 ||     3
